AoeStats
← Mojo Jojo

Socotra

505572550Analyzed
4v4 RM · 22d ago on Sep 10, 2026· 11m 44s· 8 players
Game mode
Random Map
Map size
148×148
Population
200
Speed
Normal
Resources
Standard
Victory
Conquest
Starting age
Dark Age
Ending age
Imperial Age
RankedLock teamsTeams togetherTeam positionsShared explorationLock speedFull tech treeHidden civsTurbo modeCheats
Victory
Defeat
🇦🇷 Magyars · Argentina
1288
+9
🇦🇷 Armenians · Argentina
1211
+11
🇦🇷 Malians · Argentina
1209
+12
🇦🇷 Turks · Argentina
1009
+19
🇨🇱 Ethiopians · Chile
1125
-13
🇨🇦 Mongols · Canada
1115
-14
1095
-12
🇺🇸 Britons · United States
1093
-12
Alcatraz
5:28 Loom
11:16 Feudal Age
eward17
2:27 Loom
ሰላምنعمة˙ʞɐɥʇ
0:38 Loom
10:11 Feudal Age
10:17 Man-at-Arms
rubenb
1:32 Loom
10:50 Feudal Age
Mojo Jojo
5:09 Loom
9:59 Feudal Age
Bellota
7:11 Loom
9:18 Feudal Age
10:13 Double-Bit Axe
11:32 Town Watch
Chiqui Tapia
8:12 Loom
10:28 Feudal Age
Trocotoide
7:20 Loom
9:55 Feudal Age
10:26 Double-Bit Axe
Connection lost

Rejoining the realm…

Still unreachable

The connection could not be restored.

Session expired

The server has moved on; the page needs a fresh start.